 Dungeon Crawl Stone Soup version 0.20.0-15-g7f486f2 (webtiles) character file.

154 asdasd2 the Shield-Bearer (level 5, -1/46 HPs)
             Began as a Minotaur Fighter on June 20, 2017.
             Killed from afar by an orc wizard (11 damage)
             ... with a puff of flame
             ... on level 3 of the Dungeon.
             The game lasted 00:02:37 (1249 turns).

asdasd2 the Shield-Bearer (Minotaur Fighter)        Turns: 1249, Time: 00:02:38

Health: -1/46      AC: 10    Str: 27    XL:     5   Next: 13%
Magic:  4/4        EV:  8    Int:  5    God:
Gold:   150        SH:  0    Dex:  9    Spells: 4/4 levels left

rFire    . . .     SeeInvis .   a - +0 war axe
rCold    . . .     Gourm    .   c - +0 shield
rNeg     . . .     Faith    .   b - +0 scale mail
rPois    .         Spirit   .   (helmet restricted)
rElec    .         Reflect  .   (no cloak)
rCorr    .         Harm     .   (no gloves)
MR       .....                  i - +2 pair of boots {run}
Stlth    ..........             (no amulet)
Regen    0.2/turn               (no ring)
MPRegen  0.1/turn               (no ring)

@: confused, mighty, quick
A: retaliatory headbutt, horns 2
a: no special abilities


You were on level 3 of the Dungeon.
You were very hungry.

You visited 1 branch of the dungeon, and saw 3 of its levels.

You collected 150 gold pieces.

Inventory:

Hand Weapons
 a - a +0 war axe (weapon)
Armour
 b - a +0 scale mail (worn)
 c - a +0 shield (worn)
 i - a +2 pair of boots of running (worn)
Scrolls
 h - 4 scrolls of identify
 l - a scroll of random uselessness {unknown}
 o - 2 scrolls of remove curse
 p - 2 scrolls of immolation {unknown}
Potions
 d - a potion of might
 e - a potion of brilliance
 g - a potion of degeneration {unknown}
 j - a potion of flight {unknown}
 k - a potion of resistance {unknown}
 m - 2 potions of berserk rage {unknown}
Comestibles
 f - 3 bread rations
 n - a meat ration


   Skills:
 + Level 4.2 Fighting
 + Level 4.3 Axes
 + Level 3.9 Armour
 + Level 1.4 Dodging
 + Level 5.0 Shields


You had 4 spell levels left.
You didn't know any spells.

Dungeon Overview and Level Annotations

Branches:
Dungeon (3/15)

Altars:

Annotations:
D:3 Sigmund


Innate Abilities, Weirdness & Mutations

You reflexively headbutt those who attack you in melee.
You have a pair of horns on your head.


Message History

Something hits you. Something hits you but does no damage.
Unknown command.
You're too confused to move!
Something hits you but does no damage. Something hits you.
* * * LOW HITPOINT WARNING * * *
Unknown command.
You closely miss something. Your headbutt misses something. You miss something.
You hear some strange, mumbled words.
You are more confused.
Unknown command.
You bump into the rock wall.
You hear some strange, mumbled words.
A puff of flame appears from out of thin air!
The puff of flame misses you. Something hits you but does no damage.
Unknown command.
You bump into the rock wall.
Something hits you but does no damage.
You hear some strange, mumbled words.
A puff of flame appears from out of thin air!
The puff of flame hits you!
You die...

#..... #.....
###..)..
......##
#.....##
#.>.)).##
#..)....#####..
##....{........
####.{@#####
##.## #!# #.#
#######.#####
#...........#
#.###.#.###.#
#.##.#..#
#.###.###


There were no monsters in sight!

Vanquished Creatures
  An orc wizard (D:3)
  Robin (D:2)
  4 adders (D:2)
  2 worms (D:2)
  A dart slug (D:1)
  3 leopard geckos
  3 orcs (D:3)
  5 giant cockroaches
  16 goblins
  4 hobgoblins
  2 ball pythons (D:1)
  8 bats
  4 frilled lizards
  4 kobolds
  5 rats
63 creatures vanquished.

Notes
Turn   | Place    | Note
-------+----------+-------------------------------------------
     0 | D:1      | asdasd2 the Minotaur Fighter began the quest for the Orb.
     0 | D:1      | Reached XP level 1. HP: 19/19 MP: 0/0
    52 | D:1      | Reached skill level 4 in Shields
    57 | D:1      | Reached XP level 2. HP: 27/27 MP: 1/1
   339 | D:1      | Identified a +2 pair of boots of running (You found it on level 1 of the Dungeon)
   569 | D:2      | Noticed Robin
   590 | D:2      | Reached XP level 3. HP: 33/33 MP: 2/2
   603 | D:2      | Killed Robin
   710 | D:2      | Found a faded altar of an unknown god.
   758 | D:2      | Reached XP level 4. HP: 36/40 MP: 3/3
   850 | D:2      | Reached skill level 1 in Dodging
  1227 | D:3      | Noticed Sigmund
  1231 | D:3      | Reached skill level 5 in Shields
  1231 | D:3      | Reached XP level 5. HP: 31/46 MP: 4/4
  1249 | D:3      | Killed from afar by an orc wizard

Skill      XL: |  1  2  3  4 |
---------------+-------------+-----
Shields        | 4 5 |  5.0
Fighting       | 4 |  4.2
Axes           | 3 4 |  4.3
Dodging        | 1 |  1.4
Armour         | |  3.9

Action                   |  1- 3 |  4- 6 || total
-------------------------+-------+-------++-------
Melee: War axe           |    84 |    49 ||   133
       Headbutt          |     7 |     5 ||    12
  Use: Scroll            |     3 |       ||     3
       Potion            |       |     1 ||     1
Armor: Scale mail        |    41 |    37 ||    78
Dodge: Dodged            |    33 |    31 ||    64
Block: Shield            |    40 |    29 ||    69
